Map: Acropolis LE

Players

Dystopia

  • Race: Protoss Protoss
  • League: Master
  • Spawn Location: 5:00

zuka - Winner!

  • Race: Protoss Protoss
  • League: Master
  • Spawn Location: 11:00

VOD

Have the link to the VOD?

Description

Time

  • Played on: July 28, 2019, 3:01 p.m.
  • Length: 9:48
Show
View Real Time Build Order
Export as new Build Order

Dystopia Protoss 

Build Orders: Blink Stalkers 

Get SALT Encoding   

  12  0:01  Probe  
  13  0:13  Probe  
  14  0:25  Probe  
  14  0:26  Pylon  
  15  0:41  Probe  
  15  0:46  Gateway  
  15  0:49  Probe  
  16  0:52  Assimilator  
  17  0:58  Probe  
  17  1:00  Assimilator  
  18  1:08  Gateway  
  18  1:09  Probe  
  19  1:17  Probe  
  19  1:25  Probe  
  21  1:33  Cybernetics Core  
  21  1:38  Probe  
  22  1:43  Pylon  
  22  1:50  Probe  
  23  2:10  Pylon  
  23  2:13  Warp Gate  
  23  2:14  Stalker x2  
  27  2:19  Twilight Council  
  27  2:33  Probe  
  27  2:42  Gateway  
  27  2:44  Stalker  
  29  2:46  Blink  
  29  2:49  Stalker  
  31  3:06  Pylon  
  31  3:14  Shield Battery  
  31  3:25  Gateway  
  31  3:30  Shield Battery  
  31  4:07  Stalker x3  
  37  4:26  Pylon  
  37  4:32  Stalker  
  37  4:37  Pylon  
  39  4:48  Stalker x3  
  45  4:58  Probe  
  40  5:14  Stalker x4  
  48  5:37  Stalker  
  48  5:38  Stalker  
  48  5:39  Stalker  
  54  5:47  Pylon  
  54  5:53  Pylon  
  54  6:05  Templar Archives  
  54  6:08  Probe  
  54  6:16  Probe  
  54  6:33  Probe  
  54  6:37  Nexus  
  55  6:41  Probe  
  55  6:46  Psionic Storm  
  56  6:50  Probe  
  57  7:00  Assimilator  
  57  7:03  Probe  
  57  7:07  High Templar  
  60  7:17  Probe  
  60  7:19  Assimilator  
  60  7:20  High Templar  
  63  7:29  Probe  
  64  7:41  Probe  
  64  7:43  Pylon  
  65  7:44  Zealot  
  65  7:48  Probe  
  65  7:49  High Templar  
  69  7:53  Probe  
  69  7:56  Probe  
  71  8:05  Probe  
  73  8:06  Probe  
  74  8:16  Gateway  
  74  8:17  Probe  
  74  8:18  High Templar  
  77  8:24  Gateway  
  77  8:25  Probe  
  78  8:29  Probe  
  79  8:37  Probe  
  79  8:38  Zealot x3  
  86  8:42  Pylon  
  86  8:49  Pylon  
  86  8:53  Twilight Council  
  86  8:54  High Templar  
  88  8:59  Probe x2  
  88  9:10  Shield Battery  
  88  9:11  Shield Battery  
  88  9:13  Shield Battery  
  88  9:14  Zealot  
  90  9:19  Pylon  
Show
View Real Time Build Order
Export as new Build Order

zuka Protoss - Winner!

Build Orders: Nexus First, Proxy Void Ray 

Get SALT Encoding   

  12  0:00  Probe  
  13  0:13  Probe  
  14  0:20  Pylon  
  14  0:23  Probe  
  15  0:34  Probe  
  16  0:44  Probe  
  17  0:59  Nexus  
  17  1:02  Probe  
  18  1:14  Gateway  
  18  1:16  Probe  
  19  1:23  Assimilator  
  19  1:28  Probe, Assimilator  
  20  1:40  Probe  
  20  1:43  Forge  
  21  1:52  Probe  
  22  2:04  Probe, Cybernetics Core  
  23  2:11  Probe  
  24  2:16  Probe  
  25  2:23  Probe  
  25  2:29  Probe  
  27  2:35  Probe  
  28  2:43  Stargate  
  28  2:44  Probe  
  28  2:45  Photon Cannon  
  29  2:51  Assimilator  
  29  2:52  Probe  
  29  2:57  Probe  
  32  3:06  Stargate  
  32  3:09  Probe  
  32  3:10  Pylon  
  32  3:11  Probe  
  33  3:17  Void Ray  
  33  3:21  Probe  
  34  3:30  Shield Battery  
  38  3:40  Void Ray  
  38  3:42  Shield Battery  
  38  3:54  Cybernetics Core  
  42  3:58  Void Ray  
  42  4:06  Pylon  
  46  4:13  Void Ray  
  46  4:23  Pylon  
  46  4:24  Probe  
  51  4:34  Shield Battery  
  51  4:35  Shield Battery, Void Ray  
  55  4:48  Pylon  
  55  4:54  Void Ray  
  55  5:13  Robotics Facility  
  55  5:14  Void Ray, Pylon  
  59  5:31  Probe  
  59  5:34  Probe  
  61  5:39  Probe  
  61  5:46  Probe  
  61  5:49  Probe, Assimilator  
  63  5:50  Immortal  
  64  5:58  Probe  
  64  6:01  Probe  
  70  6:06  Warp Gate  
  70  6:07  Pylon  
  71  6:11  Void Ray  
  71  6:16  Void Ray  
  74  6:24  Immortal  
  78  6:26  Pylon  
  74  6:38  Gateway  
  78  6:40  Gateway  
  78  6:51  Probe x2  
  78  6:52  Twilight Council  
  80  7:01  Immortal  
  84  7:09  Probe  
  84  7:12  Gateway  
  85  7:15  Gateway  
  85  7:19  Charge  
  85  7:22  Pylon  
  85  7:32  Warp Prism  
  85  7:35  Gateway x2  
  85  7:38  Pylon  
  85  7:40  Pylon  
  87  7:47  Templar Archives  
  87  7:56  Zealot x2  
  91  8:05  Gateway  
  91  8:08  Observer  
  90  8:16  Zealot x2  
  90  8:17  Zealot x2  
  98  8:30  Pylon  
  98  8:32  Pylon  
  98  8:33  Zealot x2  
  102  8:39  Zealot x4  
  110  8:55  Gateway  
  110  9:01  High Templar  
  110  9:02  High Templar x3  
  118  9:03  High Templar x2, Zealot  
  118  9:07  Archon x3  
  124  9:24  Zealot  
  126  9:37  Zealot x5  
  126  9:38  Zealot  
Tags
 
Composition
Blink Stalkers
Matchup
PvP
Spawn Locations
Cross Positions
Add a new tag
Caveats
  • Supply blocks, unpowered buildings, or Contaminate may cause inaccurate times.
  • Supply counts are checked every 10 seconds.